Map: Neon Violet Square LE

Players

Classic

  • Race: Protoss Protoss
  • Spawn Location: 5:00

uThermal - Winner!

  • Race: Terran Terran
  • Spawn Location: 11:00

Event: WESG 2017 Haikou

VOD

Have the link to the VOD?

Description

Time

  • Played on: March 15, 2018, 3:18 a.m.
  • Length: 11:15

All games in this series

Show
View Real Time Build Order
Export as new Build Order

Classic Protoss 

Build Orders: Oracle Opening, Phoenix Opening 

Get SALT Encoding   

  12  0:00  Probe  
  13  0:12  Probe  
  14  0:17  Pylon  
  14  0:25  Probe (Chrono Boost)  
  15  0:37  Probe (Chrono Boost), Gateway  
  16  0:44  Probe (Chrono Boost)  
  16  0:47  Assimilator  
  17  0:51  Probe  
  18  1:03  Probe  
  19  1:15  Probe  
  20  1:24  Cybernetics Core  
  20  1:27  Probe  
  20  1:28  Pylon  
  20  1:31  Assimilator  
  23  1:46  Probe  
  24  1:58  Probe  
  22  2:01  Adept (Chrono Boost)  
  22  2:05  Nexus  
  24  2:15  Stargate  
  24  2:20  Adept (Chrono Boost)  
  26  2:26  Probe  
  27  2:30  Warp Gate  
  27  2:36  Pylon  
  27  2:40  Probe  
  28  2:53  Probe  
  28  2:55  Oracle (Chrono Boost)  
  29  3:05  Probe  
  33  3:17  Probe (Chrono Boost)  
  35  3:23  Oracle (Chrono Boost), Probe (Chrono Boost)  
  35  3:26  Probe (Chrono Boost)  
  39  3:30  Probe (Chrono Boost)  
  39  3:31  Probe (Chrono Boost)  
  39  3:33  Gateway  
  41  3:39  Gateway  
  41  3:41  Probe  
  42  3:52  Phoenix  
  42  3:53  Probe  
  41  4:03  Probe  
  41  4:06  Probe  
  38  4:17  Phoenix  
  34  4:29  Probe x2  
  33  4:33  Adept x3  
  25  4:50  Probe x2  
  24  5:06  Probe (Chrono Boost)  
  25  5:07  Probe (Chrono Boost)  
  26  5:17  Probe x2 (Chrono Boost)  
  28  5:21  Probe (Chrono Boost)  
  28  5:22  Probe (Chrono Boost)  
  30  5:33  Probe  
  30  5:34  Probe  
  32  5:45  Probe (Chrono Boost)  
  32  5:46  Probe (Chrono Boost)  
  39  5:57  Probe (Chrono Boost)  
  39  5:58  Probe (Chrono Boost)  
  39  6:04  Probe x2 (Chrono Boost)  
  39  6:12  Probe x2  
  41  6:24  Probe x2 (Chrono Boost)  
  40  6:29  Forge, Twilight Council, Phoenix  
  42  6:36  Probe x2 (Chrono Boost)  
  44  6:42  Probe x2 (Chrono Boost)  
  46  6:50  Probe x2, Pylon  
  48  6:54  Phoenix  
  50  7:02  Probe  
  50  7:03  Protoss Ground Weapons Level 1 (Chrono Boost), Probe  
  50  7:05  Assimilator  
  50  7:08  Stalker  
  51  7:20  Probe x2  
  52  7:25  Charge  
  52  7:32  Probe (Chrono Boost)  
  52  7:33  Assimilator  
  52  7:34  Probe (Chrono Boost)  
  54  7:41  Pylon  
  54  7:43  Probe x2 (Chrono Boost)  
  56  7:52  Probe  
  56  7:56  Gateway  
  56  7:58  Gateway  
  55  8:00  Gateway  
  55  8:01  Sentry  
  55  8:03  Phoenix  
  59  8:05  Zealot  
  59  8:07  Probe  
  59  8:09  Zealot  
  64  8:14  Pylon  
  64  8:25  Zealot  
  66  8:27  Pylon x2  
  66  8:29  Zealot  
  66  8:30  Zealot  
  70  8:35  Phoenix  
  72  8:46  Templar Archives  
  72  8:48  Protoss Ground Armor Level 1 (Chrono Boost)  
  72  8:57  Zealot x4  
  72  9:01  Zealot  
  82  9:05  Zealot  
  84  9:11  Phoenix  
  86  9:20  Zealot x3  
  85  9:32  Probe x2  
  85  9:35  Pylon  
  85  9:38  Pylon  
  85  9:44  Probe x2  
  85  9:48  Phoenix  
  85  9:50  High Templar x2  
  91  10:00  Pylon  
  91  10:01  Archon, High Templar  
  91  10:02  Zealot, High Templar  
  97  10:07  Archon  
  97  10:13  Zealot  
  99  10:17  Phoenix  
  99  10:20  Pylon  
  98  10:40  Zealot x3  
  98  10:41  Zealot x2  
  98  10:42  Zealot  
  66  11:05  Zealot x5  
  66  11:06  Zealot  
Show
View Real Time Build Order
Export as new Build Order

uThermal Terran - Winner!

Build Orders: 1/1/1, MMM Bio, Widow Mine Drop 

Get SALT Encoding   

  12  0:01  SCV  
  13  0:13  SCV  
  14  0:18  Supply Depot  
  14  0:25  SCV  
  15  0:29  Refinery  
  15  0:39  SCV  
  16  0:45  Barracks  
  16  0:51  SCV  
  17  1:03  SCV  
  18  1:15  SCV  
  19  1:32  Orbital Command, Marine  
  20  1:33  Factory  
  20  1:42  Supply Depot  
  20  1:49  Marine  
  21  2:00  SCV  
  22  2:10  Command Center  
  22  2:13  Marine  
  23  2:22  Starport  
  23  2:25  Widow Mine  
  23  2:29  SCV  
  26  2:31  Marine  
  26  2:37  Supply Depot  
  27  2:42  SCV  
  28  2:47  Hellion  
  30  2:52  Marine  
  31  2:59  Medivac  
  33  3:07  SCV  
  33  3:08  Hellion  
  33  3:10  Marine  
  37  3:19  SCV  
  38  3:22  Orbital Command  
  38  3:31  SCV  
  39  3:35  Hellion  
  39  3:36  Viking  
  43  3:43  SCV  
  44  3:49  Barracks Reactor  
  44  3:50  SCV  
  44  3:55  SCV  
  44  4:02  SCV  
  42  4:07  SCV  
  40  4:14  SCV  
  40  4:19  SCV  
  41  4:26  SCV  
  42  4:32  SCV  
  39  4:38  SCV  
  39  4:44  SCV  
  37  4:50  SCV  
  36  4:56  SCV  
  36  4:59  Marine x2  
  35  5:04  Widow Mine  
  37  5:09  SCV  
  37  5:10  SCV, Bunker  
  37  5:16  Marine x2  
  37  5:20  Engineering Bay  
  39  5:22  SCV  
  39  5:23  SCV  
  39  5:25  Widow Mine  
  43  5:34  SCV, Marine x2  
  46  5:36  SCV  
  46  5:46  SCV  
  46  5:50  SCV, Refinery  
  46  5:53  Barracks  
  46  5:54  Refinery  
  46  5:55  Marine, Barracks  
  47  5:58  SCV, Marine  
  47  6:00  Starport Tech Lab, Factory Tech Lab  
  47  6:02  SCV  
  49  6:10  SCV  
  50  6:13  Missile Turret  
  50  6:14  SCV  
  50  6:15  Missile Turret  
  50  6:16  Marine  
  52  6:22  SCV  
  53  6:26  SCV  
  53  6:27  Supply Depot  
  53  6:29  Starport Reactor  
  53  6:31  Supply Depot  
  54  6:33  Supply Depot  
  54  6:35  Factory Reactor  
  54  6:41  Marine  
  54  6:48  SCV x2, Marine  
  54  6:50  Stimpack  
  54  6:52  Combat Shields  
  54  6:53  Marine  
  58  6:55  Marine, Supply Depot  
  58  6:59  Marine  
  58  7:00  SCV  
  60  7:03  SCV  
  60  7:06  Marine, Terran Infantry Weapons Level 1  
  62  7:13  SCV  
  62  7:15  SCV  
  64  7:16  Marine  
  64  7:17  Marauder  
  64  7:20  Widow Mine  
  64  7:21  Widow Mine  
  69  7:22  Refinery  
  69  7:23  Medivac  
  69  7:25  SCV  
  69  7:28  Medivac  
  74  7:31  Marine x2  
  76  7:42  Command Center, Supply Depot  
  76  7:43  Widow Mine  
  80  7:44  Widow Mine  
  80  7:46  Marine  
  80  7:49  SCV  
  80  7:53  SCV  
  81  7:59  Medivac  
  81  8:03  Supply Depot, Medivac  
  81  8:04  Supply Depot  
  81  8:05  Marine  
  88  8:06  Marauder  
  88  8:09  SCV  
  89  8:14  Supply Depot, Widow Mine  
  89  8:15  Widow Mine  
  92  8:27  Concussive Shells  
  92  8:30  SCV x2  
  92  8:31  Supply Depot, Medivac  
  96  8:34  Medivac  
  98  8:44  Barracks  
  98  8:45  Barracks  
  98  8:48  Marine  
  99  8:50  Supply Depot  
  99  8:52  Marine  
  99  8:53  Marine  
  101  8:58  Orbital Command  
  101  9:00  SCV  
  102  9:03  Widow Mine  
  102  9:08  Widow Mine  
  105  9:13  Marine  
  105  9:14  Marauder  
  107  9:21  Marine  
  107  9:22  Marauder  
  103  9:27  Widow Mine  
  103  9:30  Widow Mine  
  103  9:31  Marine  
  103  9:33  Liberator x2  
  103  9:35  Marauder  
  103  9:39  Marine  
  103  9:42  SCV  
  103  9:43  Marauder  
  103  9:44  Barracks Tech Lab  
  99  9:45  SCV  
  99  9:52  Widow Mine x2  
  108  9:57  Marine  
  108  9:58  Marauder  
  109  10:01  SCV x2  
  109  10:02  Marine  
  109  10:03  Refinery  
  109  10:04  Marine  
  109  10:05  Marine  
  114  10:13  Widow Mine x2  
  118  10:15  Marine  
  118  10:16  Marauder  
  118  10:20  Marine  
  118  10:21  Marauder, Marine  
  124  10:23  Marauder  
  125  10:33  Marine  
  125  10:35  Widow Mine  
  126  10:37  Marauder  
  126  10:38  Marine  
  126  10:40  Widow Mine  
  126  10:42  Marauder, Supply Depot  
Tags
 
Add a new tag
Caveats
  • Supply blocks, unpowered buildings, or Contaminate may cause inaccurate times.
  • Supply counts are checked every 10 seconds.